 Dungeon Crawl Stone Soup version 0.32-a0-42-ga30500b4d3 (webtiles) character file.

Game seed: 18289943787073762184

1704 IdlyInterested the Slicer (level 8, -10/58 HPs)
             Began as a Demonspawn Fighter on Jan 29, 2024.
             Mangled by a wight
             ... wielding a +3 great sword of freezing
              (17 damage)
             ... on level 7 of the Dungeon.
             The game lasted 00:14:13 (6374 turns).

IdlyInterested the Slicer (Demonspawn Fighter)      Turns: 6374, Time: 00:14:14

Health: -10/58     AC: 10    Str: 18    XL:     8   Next: 73%
Magic:  8/8        EV: 10    Int:  9    God:
Gold:   450        SH: 13    Dex: 13    Spells: 7/7 levels left

rFire   . . .        a - +0 rapier
rCold   + . .        c - +0 buckler
rNeg    . . .        b - +0 scale mail
rPois   .            (no helmet)
rElec   .            (no cloak)
rCorr   .            (no gloves)
SInv    .            (no boots)
Will    +....        g - amulet of reflection
Stlth   +            v - ring of protection from cold
HPRegen 0.29/turn    (no ring)
MPRegen 0.11/turn

%: reflection
@: mighty, about to teleport, marked
A: yellow scales 2, spiny 1, large bone plates 1, strong-willed 1, shaggy fur 1
a: no special abilities


You were on level 7 of the Dungeon.
You visited 1 branch of the dungeon, and saw 7 of its levels.

You collected 450 gold pieces.

Inventory:

Hand Weapons
 a - a +0 rapier (weapon)
Missiles
 f - 4 atropa-tipped darts
 h - 48 stones (quivered)
 m - 2 poisoned darts
 n - 6 boomerangs
Armour
 b - a +0 scale mail (worn)
 c - a +0 buckler (worn)
 e - a +0 leather armour
 j - an orb of light
Magical Staves
 r - a staff of conjuration
Jewellery
 g - an amulet of reflection (around neck)
 v - a ring of protection from cold (left hand)
Scrolls
 d - a scroll of noise
 k - 2 scrolls of poison
 p - 2 scrolls of amnesia
 q - 4 scrolls of enchant weapon
 t - 2 scrolls of immolation
 u - a scroll of fog {unknown}
 w - a scroll of silence
 x - a scroll of torment {unknown}
 y - a scroll of blinking
 z - a scroll of fear
Potions
 i - 2 potions of attraction
 o - a potion of enlightenment {unknown}
 B - a potion of cancellation {unknown}


   Skills:
 - Level 3.0 Fighting
 * Level 8.8 Short Blades
 - Level 3.0 Throwing
 - Level 3.0 Armour
 - Level 3.0 Dodging
 + Level 2.0 Stealth
 - Level 2.6 Shields
 - Level 2.0 Evocations


You had 7 spell levels left.
You didn't know any spells.
Your spell library contained the following spells:

 Spells                   Type           Power      Damage    Failure   Level
 Freeze                   Ice            0%         1d3       86%         1
 Sandblast                Erth           0%         2d4       86%         1
 Frozen Ramparts          Ice            0%         1d1       99%         3
 Hailstorm                Conj/Ice       0%         3d5       99%         3
 Passwall                 Erth           0%         N/A       99%         3
 Stone Arrow              Conj/Erth      0%         3d7       99%         3
 Brom's Barrelling Bould  Conj/Erth      0%         2d3       100%        4


Dungeon Overview and Level Annotations

Branches:
Dungeon (7/15)
 Temple: D:4-7

Altars:
Ashenzari
Fedhas
Uskayaw

Annotations:
D:7 Joseph, Prince Ribbit


Innate Abilities, Weirdness & Mutations

You are mostly covered in yellow scales. (AC +3)
You are partially covered in sharp spines.
You are partially covered in large bone plates. (SH +4)
You are strong-willed. (Will+)
You are covered in fur. (AC +1)


Message History

Training target 3.0 for Dodging reached!
Your Dodging skill increases to level 3!
You barely miss Prince Ribbit.
Prince Ribbit is lightly wounded.
You block Prince Ribbit's attack. The bullfrog is struck by your spines.
The bullfrog hits you.
* * * LOW HITPOINT WARNING * * *
The iguana closely misses you.
You feel better. You block Prince Ribbit's attack. The bullfrog hits you.
The iguana closely misses you. You block Prince Ribbit's attack.
The bullfrog barely misses you.
You barely miss Prince Ribbit.
Prince Ribbit is lightly wounded.
Prince Ribbit is struck by your spines. Prince Ribbit hits you!
* * * LOW HITPOINT WARNING * * *
The bullfrog hits you but does no damage.
A wight comes into view. It is wielding a +4 hand axe.
The iguana closely misses you.
You feel better. Prince Ribbit is struck by your spines.
Prince Ribbit completely misses you. You block the bullfrog's attack.
The iguana bites you!
* * * LOW HITPOINT WARNING * * *
It was a potion of mutation.
You feel extremely strange.
Large bone plates grow over parts of your arms.
You feel strong-willed. Fur sprouts all over your body.
Prince Ribbit is struck by your spines. Prince Ribbit barely misses you.
You block the bullfrog's attack.
Prince Ribbit blinks!
The bullfrog is struck by your spines. The bullfrog hits you.
* * * LOW HITPOINT WARNING * * *
The iguana barely misses you.
A wight comes into view. It is wielding a +0 halberd.
As you read the scroll of fear, it crumbles to dust.
You assume a fearsome visage.
Prince Ribbit looks frightened!
Joseph looks frightened!
The centaur looks frightened!
The iguana looks frightened! x2; The wight is unaffected. x3
The bullfrog looks frightened!
Prince Ribbit blinks!
As you read the scroll of teleportation, it crumbles to dust.
You feel strangely unstable.
Prince Ribbit blinks!
The wight hits you with a +3 great sword of freezing!
You die...

### #######..
#
#..§..#z###...
#.....#zz.....
#..#.F@..lc#
#.<...#).##...
#...§.#..l..
########.@F...
###.## #


You could see Joseph (fleeing), Prince Ribbit (fleeing), a bullfrog (fleeing), a
centaur (fleeing), 2 iguanas and 3 wights.

Vanquished Creatures
  Sigmund (D:5)
  An ice beast (D:5)
  A sky beast (D:7)
  2 ogres
  2 black bears (D:6)
  2 phantoms (D:4)
  2 bullfrogs (D:6)
  2 scorpions
  A howler monkey (D:4)
  2 bombardier beetles (D:5)
  2 hounds (D:5)
  An orc priest (D:7)
  A gnoll bouda (D:4)
  3 iguanas
  4 sleepcaps
  7 adders
  3 gnolls (D:4)
  2 white imps
  A dart slug (D:1)
  A ribbon worm (D:2)
  10 orcs
  8 endoplasms
  A giant cockroach (D:1)
  5 goblins
  7 hobgoblins
  3 jackals
  A kobold (D:2)
  5 ball pythons
  5 bats
  A frilled lizard (D:2)
  10 rats
97 creatures vanquished.

Vanquished Creatures (others)
  A bombardier beetle (D:4)
1 creature vanquished.

Grand Total: 98 creatures vanquished

Notes
Turn   | Place    | Note
-------+----------+-------------------------------------------
     0 | D:1      | IdlyInterested the Demonspawn Fighter began the quest for
                  | the Orb.
     0 | D:1      | Reached XP level 1. HP: 18/18 MP: 1/1
   216 | D:1      | Reached skill level 2 in Short Blades
   216 | D:1      | Reached skill level 1 in Dodging
   305 | D:1      | Gained mutation: You are partially covered in yellow
                  | scales. (AC +2) [demonic ancestry]
   305 | D:1      | Reached XP level 2. HP: 22/24 MP: 2/2
   486 | D:1      | Reached skill level 1 in Stealth
   912 | D:2      | Reached XP level 3. HP: 24/29 MP: 3/3
  1007 | D:2      | Reached skill level 1 in Throwing
  1269 | D:2      | Found a faded altar of an unknown god.
  1681 | D:3      | Reached skill level 3 in Short Blades
  1730 | D:3      | Reached XP level 4. HP: 35/35 MP: 4/4
  2394 | D:4      | Noticed a phantom
  2448 | D:4      | Killed a phantom
  2449 | D:4      | Reached skill level 4 in Short Blades
  2449 | D:4      | Reached XP level 5. HP: 16/41 MP: 5/5
  2676 | D:4      | Found a hide-covered altar of Uskayaw.
  2719 | D:4      | Reached skill level 1 in Evocations
  2859 | D:4      | Gained mutation: You are mostly covered in yellow scales.
                  | (AC +3) [demonic ancestry]
  2859 | D:4      | Reached XP level 6. HP: 28/47 MP: 6/6
  3037 | D:4      | Reached skill level 5 in Short Blades
  3687 | D:4      | Reached XP level 7. HP: 27/52 MP: 7/7
  4040 | D:5      | Entered Level 5 of the Dungeon
  4100 | D:5      | Reached skill level 6 in Short Blades
  4193 | D:5      | Found a blossoming altar of Fedhas.
  4225 | D:5      | Found a broken altar of Ashenzari.
  4661 | D:5      | Noticed Sigmund
  4696 | D:5      | Killed Sigmund
  5084 | D:5      | Reached skill level 7 in Short Blades
  5311 | D:6      | Gained mutation: You are partially covered in sharp spines.
                  | [demonic ancestry]
  5311 | D:6      | Reached XP level 8. HP: 51/58 MP: 8/8
  5630 | D:6      | Reached skill level 8 in Short Blades
  6354 | D:7      | Noticed Prince Ribbit
  6357 | D:7      | Noticed Joseph
  6372 | D:7      | Gained mutation: You are partially covered in large bone
                  | plates. (SH +4) [potion of mutation]
  6372 | D:7      | Gained mutation: You are strong-willed. (Will+) [potion of
                  | mutation]
  6372 | D:7      | Gained mutation: You are covered in fur. (AC +1) [potion of
                  | mutation]
  6374 | D:7      | Mangled by a wight

Illustrated notes

Levels and vault maps discovered:
D:1:      dpeg_arrival_tiny_b, layout_loops_ring, grunt_decor_arrowhead
D:2:      layout_basic, hellmonk_ecumenical_altar_arch_garden
D:3:      layout_basic, chequers_serial_rivers_micro_b, minmay_quantized
D:4:      layout_loops_corners, nicolae_overflow_crystal_walls,
          minmay_starry_boxes
D:5:      layout_gridville, mainiacjoe_overflow_tiny_flanked,
          lemuel_doored_altar, uniq_sigmund
D:6:      layout_basic
D:7:      layout_loops_cross, chei_slow_surprise, minmay_temple_entry_poolview,
          serial_shops, nicolae_diamond_shop, shop, nicolae_lakefront_shop,
          shop, kennysheep_mini_moat, uniq_prince_ribbit1, uniq_joseph

Skill      XL: |  1  2  3  4  5  6  7  8 |
---------------+-------------------------+-----
Short Blades   | 2 3 4 5 7 8 |  8.8
Dodging        | 1 2 3 |  3.0
Stealth        | 1 2 |  2.0
Throwing       | 1 2 3 |  3.0
Evocations     | 1 2 |  2.0
Armour         | 3 |  3.0
Fighting       | |  3.0
Shields        | |  2.6

Action                     |  1- 3 |  4- 6 |  7- 9 || total
---------------------------+-------+-------+-------++-------
  Melee: Rapier            |   146 |   326 |   258 ||   730
  Throw: Stone             |       |    10 |    13 ||    23
         Dart              |       |     3 |     5 ||     8
    Use: Scroll            |     3 |     1 |     7 ||    11
         Potion            |     1 |     3 |     7 ||    11
   Stab: Invisible         |       |       |     1 ||     1
 Armour: Scale mail        |    70 |   160 |   145 ||   375
  Dodge: Dodged            |    37 |    87 |    72 ||   196
  Block: Buckler           |    65 |   121 |   103 ||   289
         Reflection        |       |     1 |     5 ||     6

Table legend: (Time is in decaauts)
 A = Elapsed time spent in this place.
 B = Non-inter-level travel time spent in this place.
 C = Inter-level travel time spent in this place.
 D = Time resting spent in this place.
 E = Time spent auto-exploring this place.
 F = Levels seen in this place.
 G = Mean time per level.
                   A        B        C        D        E       F      G
               +--------+--------+--------+--------+--------+-----+--------+
         Total |   6364 |   6130 |    234 |   1167 |   3539 |   7 |  909.1 |
       Dungeon |   6364 |   6130 |    234 |   1167 |   3539 |   7 |  909.1 |
               +--------+--------+--------+--------+--------+-----+--------+

Top non-repeatable levels by time:
     D:4: 1721 daAuts
     D:5: 1234 daAuts
     D:6: 1034 daAuts
     D:1: 864 daAuts
     D:2: 839 daAuts
     D:3: 637 daAuts
     D:7: 31 daAuts
